 Dungeon Crawl Stone Soup version 0.26.1-11-gd32895ea62 (webtiles) character file.

Game seed: 13513096997780742733

2692 DildoBatman the Thaumaturge (level 9, 0/68 HPs)
             Began as a Formicid Conjurer on July 10, 2021.
             Was a Believer of Kikubaaqudgha.
             Slain by a killer bee (5 damage)
             ... on level 7 of the Dungeon.
             The game lasted 00:24:40 (5497 turns).

DildoBatman the Thaumaturge (Formicid Conjurer)     Turns: 5497, Time: 00:24:40

Health: 0/68       AC: 11    Str: 13    XL:     9   Next: 96%
Magic:  1/21       EV: 10    Int: 17    God:    Kikubaaqudgha [**....]
Gold:   295        SH:  0    Dex: 12    Spells: 21/24 levels left

rFire    . . .     SeeInvis +   a - +2 dire flail (protect)
rCold    + . .     Faith    .   (no shield)
rNeg     . . .     Spirit   .   s - +2 scale mail {rC+}
rPois    .         Reflect  .   (helmet unavailable)
rElec    .         Harm     .   F - +0 cloak
rCorr    .         Rampage  .   G - +0 pair of gloves
Will     +....                  d - -2 pair of boots
Stlth    +.........             r - amulet of regeneration
HPRegen  0.61/turn              m - ring of willpower
MPRegen  0.17/turn              (no ring)

@: lethally poisoned (0 -> -3), marked
A: permanent stasis, dig shafts and tunnels, four strong arms, antennae 3
a: Dig, Shaft Self, Renounce Religion, Receive Corpses


You were on level 7 of the Dungeon.
You worshipped Kikubaaqudgha.
Kikubaaqudgha was pleased with you.
You visited 2 branches of the dungeon, and saw 8 of its levels.

You collected 295 gold pieces.

Inventory:

Hand Weapons
 a - a +2 dire flail of protection (weapon)
 b - a +3 halberd
 c - a +0 hunting sling
Missiles
 f - 54 sling bullets
 k - 197 stones
 n - 95 arrows
 t - 28 bolts
Armour
 d - a -2 pair of boots (worn)
 o - a +0 tower shield
 s - a +2 scale mail of cold resistance (worn)
 F - a +0 cloak (worn)
 G - a +0 pair of gloves (worn)
Jewellery
 m - a ring of willpower (left hand)
 r - an amulet of regeneration (around neck)
Wands
 B - a wand of flame (8)
 E - a wand of iceblast (3)
Scrolls
 e - 2 scrolls of fear
 g - a scroll of enchant weapon
 h - 3 scrolls of enchant armour
 u - 2 scrolls of teleportation {unknown}
 v - 2 scrolls of immolation
 x - a scroll of vulnerability {unknown}
 y - 2 scrolls of fog {unknown}
 z - 4 scrolls of identify
 A - a scroll of blinking {unknown}
 J - a scroll of random uselessness {unknown}
 K - a scroll of magic mapping {unknown}
Potions
 i - 2 potions of brilliance {unknown}
 j - 5 potions of curing
 l - 2 potions of flight {unknown}
 p - 2 potions of attraction {unknown}
 q - 4 potions of heal wounds
 w - 3 potions of might
 C - 2 potions of mutation {unknown}
 D - a potion of degeneration {unknown}
 H - a potion of lignification {unknown}
 I - a potion of haste {unknown}
 L - a potion of magic {unknown}


   Skills:
 - Level 5.0 Fighting
 - Level 5.0 Armour
 - Level 3.0 Dodging
 - Level 2.4 Stealth
 - Level 8.0 Spellcasting
 - Level 6.0 Conjurations
 * Level 5.1 Necromancy


You had 21 spell levels left.
You knew the following spells:

 Your Spells              Type           Power        Failure   Level
a - Searing Ray           Conj           54%          5%          2
c - Magic Dart            Conj           100%         3%          1

Your spell library contained the following spells:

 Spells                   Type           Power        Failure   Level
 Animate Skeleton         Necr           48%          5%          1
 Pain                     Necr           96%          5%          1
 Sublimation of Blood     Necr           12%          9%          2
 Vampiric Draining        Necr           12%          16%         3
 Dazzling Flash           Conj/Hex       34%          36%         3
 Fulminant Prism          Conj/Hex       8%           77%         4
 Iskenderun's Mystic Bla  Conj/Tloc      17%          77%         4


Dungeon Overview and Level Annotations

Branches:
Dungeon (7/15)             Temple (1/1) D:5

Altars:
Ashenzari
Cheibriados
Dithmenos
Elyvilon
Fedhas
Gozag
Hepliaklqana
Kikubaaqudgha
Makhleb
Nemelex Xobeh
Okawaru
Qazlal
Ru
Sif Muna
Trog
Uskayaw
Vehumet
Wu Jian
Xom
Yredelemnul
Zin
The Shining One

Shops:
D:6 =

Annotations:
D:6 2 transporters, Groucho's ghost, novice FeVM


Innate Abilities, Weirdness & Mutations

You cannot be hasted, slowed, berserked, paralysed or teleported.
You can dig through walls and to a lower floor.
Your four strong arms can wield two-handed weapons with a shield.
You have a pair of large antennae on your head. (SInv)


Message History

The killer bee stings you but does no damage.
An ice beast comes into view.
You barely miss the killer bee.
The killer bee is heavily wounded.
The killer bee barely misses you. The killer bee misses you.
The killer bee stings you.
A centaur comes into view.
The killer bee stings you but does no damage.
The killer bee stings you.
You are poisoned.
The killer bee poisons you!
You feel sick. The killer bee stings you.
You are more poisoned.
The killer bee poisons you!
You feel sick. The killer bee stings you.
You die...
Kikubaaqudgha rasps: "You have failed me!
Welcome... death!"

....... .........
####### .........
#.....### .........
#.......## #.....
###By@.....# # #.....
##Y..........#
.##..#..###†#...........
..?..###{#c##...........
....###.#{###...........
(...##{#####............
.....{## ###............
......{###.............#
..............##.......


You could see an ice beast, a worker ant and a killer bee.

Vanquished Creatures
  Harold (D:7)
  Eustachio (D:3)
  Edmund (D:3)
  An ice beast (D:6)
  A phantom (D:6)
  An ogre (D:5)
  2 centaurs
  3 bullfrogs
  2 scorpions
  2 killer bees (D:7)
  A howler monkey (D:6)
  2 orc priests
  2 centaur skeletons
  2 hounds
  5 orc wizards
  Crazy Yiuf (D:3)
  Jessica (D:3)
  6 worker ants
  2 hound skeletons
  2 worker ant zombies (D:6)
  10 gnolls
  7 adders
  3 white imps
  2 ufetubi (D:5)
  An ooze (D:5)
  An adder zombie (D:5)
  A dart slug (D:1)
  6 worms
  4 leopard geckos
  19 orcs
  9 bats
  5 giant cockroaches
  11 goblins
  7 hobgoblins
  3 jackals (D:2)
  3 quokkas
  2 ball pythons
  4 frilled lizards
  6 kobolds
  A quokka skeleton (D:5)
  6 rats
150 creatures vanquished.

Notes
Turn   | Place    | Note
-------+----------+-------------------------------------------
     0 | D:1      | DildoBatman the Formicid Conjurer began the quest for the
                  | Orb.
     0 | D:1      | Reached XP level 1. HP: 13/13 MP: 3/3
   225 | D:1      | Reached XP level 2. HP: 19/19 MP: 3/5
   254 | D:1      | Learned a level 2 spell: Searing Ray
   694 | D:2      | Reached XP level 3. HP: 22/24 MP: 1/6
   848 | D:2      | You fall into a shaft and drop 2 floors!
   854 | D:4      | Reached XP level 4. HP: 29/30 MP: 2/7
   883 | D:4      | Reached skill level 5 in Conjurations
   967 | D:4      | Reached XP level 5. HP: 21/35 MP: 3/8
  1154 | D:4      | Reached skill level 1 in Armour
  1154 | D:4      | Reached XP level 6. HP: 24/42 MP: 0/9
  1200 | D:4      | Noticed Eustachio
  1227 | D:3      | Reached skill level 1 in Fighting
  1294 | D:3      | Found a radiant altar of Vehumet.
  1379 | D:3      | Noticed Jessica
  1593 | D:3      | Found a sparkling altar of Nemelex Xobeh.
  1593 | D:3      | Found a snail-covered altar of Cheibriados.
  1597 | D:3      | Found a bloodstained altar of Trog.
  1760 | D:4      | Noticed Edmund
  1983 | D:4      | Reached skill level 3 in Spellcasting
  2041 | D:4      | Reached XP level 7. HP: 46/50 MP: 2/12
  2160 | D:5      | Entered Level 5 of the Dungeon
  2217 | D:5      | Reached skill level 4 in Spellcasting
  2348 | D:5      | Found a hazy altar of Hepliaklqana.
  2348 | D:5      | Found an opulent altar of Gozag.
  2432 | D:5      | Reached skill level 5 in Spellcasting
  2460 | D:5      | Found a staircase to the Ecumenical Temple.
  2483 | Temple   | Entered the Ecumenical Temple
  2493 | Temple   | Became a worshipper of Kikubaaqudgha
  2606 | D:5      | Reached skill level 6 in Spellcasting
  2606 | D:5      | Reached XP level 8. HP: 44/56 MP: 8/17
  3118 | D:3      | Killed Jessica
  3129 | D:3      | Killed Eustachio
  3193 | D:3      | Reached skill level 7 in Spellcasting
  3203 | D:3      | Reached * piety under Kikubaaqudgha
  3203 | D:3      | Identified Kikubaaqudgha's Compendium of Dark Magic
                  | (Kikubaaqudgha gifted it to you on level 3 of the Dungeon)
  3203 | D:3      | Received a gift from Kikubaaqudgha
  3234 | D:3      | Killed Edmund
  3235 | D:3      | Reached skill level 1 in Necromancy
  3911 | D:3      | Found a runed translucent door.
  3912 | D:3      | Noticed Crazy Yiuf
  3972 | D:3      | Killed Crazy Yiuf
  4516 | D:2      | Found a white marble altar of Elyvilon.
  4518 | D:2      | Found a glowing silver altar of Zin.
  4519 | D:2      | Found an ornate altar of the Wu Jian Council.
  4538 | D:2      | Reached ** piety under Kikubaaqudgha
  4853 | D:6      | Reached XP level 9. HP: 63/64 MP: 14/20
  4974 | D:6      | Found a transporter.
  4974 | D:6      | Noticed Groucho's ghost (novice FeVM)
  5128 | D:6      | Found a transporter.
  5164 | D:6      | Found Zehyorch's Jewellery Shoppe.
  5454 | D:7      | Noticed Harold
  5484 | D:7      | Killed Harold
  5485 | D:7      | Reached skill level 5 in Fighting
  5485 | D:7      | Reached skill level 5 in Armour
  5485 | D:7      | Reached skill level 8 in Spellcasting
  5492 | D:7      | Reached skill level 5 in Necromancy
  5497 | D:7      | Slain by a killer bee

Illustrated notes

Levels and vault maps discovered:
D:1:      dpeg_arrival_erosion, layout_rooms, minmay_misc_feat_ornament
D:2:      layout_basic, grunt_temple_overflow_open, st_stairs_12
D:3:      layout_basic, minitemple, minmay_misc_feat_tower,
          uniq_crazy_yiuf_cottage, uniq_jessica
D:4:      layout_rooms, uniq_edmund, uniq_eustachio
D:5:      layout_basic, amethyst_overflow_temple_binary,
          minmay_temple_entry_statues_fountains, minmay_misc_feat_chi
D:6:      layout_basic, gammafunk_ghost_arena, serial_shops,
          nicolae_shop_statue_plus, serial_park_tiny_1
D:7:      layout_cave_pods, serial_park, serial_park_tiny_pond,
          serial_park_square2, serial_park_tiny_1, serial_park_square1
          [serial_park_minivault_5x5_2], serial_park_tiny_pond, uniq_harold
Temple:   nicolae_temple_god_jail

Skill      XL: |  1  2  3  4  5  6  7  8  9 |
---------------+----------------------------+-----
Conjurations   | 4 5 6 |  6.0
Armour         | 1 2 3 5 |  5.0
Fighting       | 2 3 5 |  5.0
Spellcasting   | 3 6 7 8 |  8.0
Dodging        | 2 3 |  3.0
Necromancy     | 1 5 |  5.1
Stealth        | |  2.4

Action                   |  1- 3 |  4- 6 |  7- 9 || total
-------------------------+-------+-------+-------++-------
Melee: Unarmed           |     2 |       |       ||     2
       Dagger            |    30 |       |       ||    30
       Short sword       |    24 |    38 |       ||    62
       Halberd           |       |    28 |    70 ||    98
       Dire flail        |       |       |   163 ||   163
 Cast: Magic Dart        |    15 |       |     6 ||    21
       Searing Ray       |     3 |    14 |    38 ||    55
 Abil: Dig               |     5 |    25 |    18 ||    48
  Use: Scroll            |       |     7 |     2 ||     9
       Potion            |       |       |     3 ||     3
 Stab: Sleeping          |     1 |       |       ||     1
Armor: Robe              |    19 |       |       ||    19
       Scale mail        |       |   164 |   288 ||   452
Dodge: Dodged            |    41 |   135 |   249 ||   425
Block: Tower shield      |       |     3 |       ||     3
